 Dungeon Crawl Stone Soup version 0.15.1-3-g1b33baa (webtiles) character file.

81 Johnny the Digger (level 4, -4/36 HPs)
             Began as a Demigod Earth Elementalist on Oct 3, 2014.
             Slain by a hobgoblin
             ... wielding a +0 club
              (6 damage)
             ... on Level 3 of the Dungeon.
             The game lasted 00:07:19 (2577 turns).

Johnny the Digger (Demigod Earth Elementalist)      Turns: 2577, Time: 00:07:20

HP  -4/36        AC  2     Str 11      XL: 4   Next:  0%
MP   9/10        EV 13     Int 22      God:
Gold 95          SH  0     Dex 16      Spells:  2 memorised,  4 levels left

rFire  . . .     SeeInvis .     o - +0 short sword
rCold  . . .     Clarity  .     c - +0 robe
rNeg   . . .     rCorr    .     (no shield)
rPois  .         rRot     .     (no helmet)
rElec  .         Spirit   .     (no cloak)
SustAb .         Warding  .     (no gloves)
rMut   .         Stasis   .     (no boots)
Gourm  .                        (no amulet)
MR     .....                    (no ring)
                                (no ring)

@: not resistant to hostile enchantments, unstealthy
A: no striking features
a: no special abilities


You were on level 3 of the Dungeon.
You were hungry.

You visited 1 branch of the dungeon, and saw 3 of its levels.

You collected 95 gold pieces.

Inventory:

Hand weapons
 e - a +0 dagger
 o - a +0 short sword (weapon)
Missiles
 b - 24 stones (quivered)
Armour
 c - a +0 robe (worn)
 n - a +2 plate armour of poison resistance
Comestibles
 a - a bread ration
 j - 3 chunks of orc flesh
Scrolls
 f - a scroll of teleportation
 g - 2 scrolls of blinking {unknown}
 h - a scroll of random uselessness {unknown}
 k - a scroll of identify {unknown}
 l - a scroll of fog {unknown}
 m - a scroll of remove curse {unknown}
Potions
 i - a potion of invisibility {unknown}
Books
 d - a book of Geomancy

   Spells                             Type                      Level
   *Sandblast                         Earth                        1
   *Stoneskin                         Transmutation/Earth          2
   Passwall                           Transmutation/Earth          3
   Stone Arrow                        Conjuration/Earth            3
   Petrify                            Transmutation/Earth          4
   Lee's Rapid Deconstruction         Earth                        5


   Skills:
 * Level 1.6 Fighting
 + Level 0.5 Armour
 + Level 2.1 Dodging
 + Level 2.3 Stealth
 * Level 2.2 Spellcasting
 - Level 0.8 Transmutations
 * Level 3.1 Earth Magic


You had 4 spell levels left.
You knew the following spells:

 Your Spells              Type           Power        Failure   Level  Hunger
a - Sandblast             Erth           ###...       4%          1    #......
b - Stoneskin             Trmt/Erth      ##......     10%         2    ##.....


Dungeon Overview and Level Annotations

Branches:
Dungeon (3/15)

Annotations:
D:3 Grinder


Message History

Aim: a hobgoblin, wielding a club The blast of sand misses the hobgoblin.
Grinder gestures at you.
You barely resist.
The hobgoblin hits you but does no damage.
Grinder zaps a wand.
The puff of frost hits you!
There is an open door here.
You close the door.
A hobgoblin opens the door.
Grinder gestures.
Grinder blinks!
You hit Grinder but do no damage.
Grinder zaps a wand.
The puff of frost hits you!
* * * LOW HITPOINT WARNING * * *
The hobgoblin closely misses you.
You closely miss Grinder. Grinder hits you.
* * * LOW HITPOINT WARNING * * *
You writhe in agony.
* * * LOW HITPOINT WARNING * * *
The hobgoblin hits you with a club.
You die...

## .. .# .# . #####
.### .[ #...#####....
..>
#...#....#########....
#<..5@g..'............
#...#....########.....
#...#....# .....
#...#....# .....
#####....# .....
###### ..... .....
.... #


You could see Grinder and a hobgoblin.

Vanquished Creatures
  4 adders
  A worm (D:2)
  An ooze (D:1)
  2 orcs
  4 goblins
  2 hobgoblins (D:1)
  4 jackals (D:1)
  4 kobolds
  4 bats
  5 giant cockroaches
  4 giant newts
  7 rats
42 creatures vanquished.

Notes
Turn   | Place    | Note
--------------------------------------------------------------
     0 | D:1      | Johnny, the Demigod Earth Elementalist, began the quest for the Orb.
     0 | D:1      | Reached XP level 1. HP: 14/14 MP: 3/3
     0 | D:1      | Noticed a vine stalker
     0 | D:1      | Noticed a vine stalker
     1 | D:1      | Noticed an octopode
     1 | D:1      | Noticed a vine stalker
     3 | D:1      | Noticed a naga
     3 | D:1      | Noticed a vampire
     6 | D:1      | Noticed an ogre
    12 | D:1      | Noticed a gargoyle
    13 | D:1      | Noticed a vampire
    13 | D:1      | Noticed an octopode
    14 | D:1      | Noticed a dwarf
    16 | D:1      | Noticed a dwarf
    16 | D:1      | Noticed a spriggan
    18 | D:1      | Noticed a dwarf
   582 | D:1      | Reached XP level 2. HP: 20/22 MP: 2/5
   782 | D:1      | Reached skill level 1 in Fighting
  1431 | D:2      | Reached XP level 3. HP: 15/28 MP: 1/8
  1638 | D:2      | Learned a level 2 spell: Stoneskin
  1652 | D:2      | Reached skill level 3 in Earth Magic
  2498 | D:2      | Reached XP level 4. HP: 18/36 MP: 1/10
  2559 | D:3      | Noticed Grinder
  2577 | D:3      | Slain by a hobgoblin

Action                   |  1- 3 |  4- 6 || total
-------------------------+-------+-------++-------
Melee: Dagger            |    85 |       ||    85
       Unarmed           |     1 |       ||     1
       Short sword       |    16 |     2 ||    18
 Cast: Sandblast         |   102 |     2 ||   104
       Stoneskin         |     1 |       ||     1
  Use: Potion            |     3 |       ||     3
       Scroll            |     1 |       ||     1
  Eat: Chunk             |     4 |     1 ||     5
